 Dungeon Crawl Stone Soup version 0.8.0-178-g5053f60 character file.

558149 tcjsavannah the Petrodigitator (level 27, -5/174 HPs)
             Began as a Sludge Elf Earth Elementalist on June 21, 2011.
             Was the Champion of Vehumet.
             Killed by divine providence
             ... invoked by a greater mummy
              (8 damage)
             ... on Level 1 of the Tomb of the Ancients on June 24, 2011.
             The game lasted 14:51:31 (93484 turns).

tcjsavannah the Petrodigitator (SEEE)              Turns: 93484, Time: 14:51:31

HP  -5/174       AC 29     Str 19 (22) Exp: 27/1384185 (72566)
MP  37/45        EV 31     Int 36      God: Vehumet [******]
Gold 6312        SH 23     Dex 26      Spells: 17 memorised,  2 levels left

Res.Fire  : . . .   See Invis. : .   a - staff of earth
Res.Cold  : + + .   Warding    : . . g - +5 mottled dragon armour
Life Prot.: + + +   Conserve   : +   e - +3 elf buckler
Res.Acid. : + . .   Res.Corr.  : +   h - +3 wizard hat of Honour {rElec rC+ Dex+2 D
Res.Poison: +       Clarity    : .   N - +2 cloak {rCorr, Cons}
Res.Elec. : +       Spirit.Shd : .   j - +2 pair of dwarf gloves {Str+3}
Sust.Abil.: + .     Stasis     : .   S - +2 pair of boots {run} (curse)
Res.Mut.  : .       Ctrl.Telep.: .   Y - amulet of Lies {Cons Dex+4 Int+5 Dam+4}
Res.Rott. : +       Levitation : .   C - ring of Khoifeant {Wiz Str+5}
Saprovore : . . .   Ctrl.Flight: .   J - cursed ring of sustain abilities

@: lich-form, very slightly glowing, quick, extraordinarily resistant to hostile
enchantments, stealthy
A: deterioration 1, Str +3, Int +3, Dex +3
a: End Transformation, Renounce Religion


You were on level 1 of the Tomb of the Ancients.
You worshipped Vehumet.
Vehumet was exalted by your worship.
You were not hungry.
You were in lich-form.
You visited 12 branches of the dungeon, and saw 72 of its levels.
You visited 1 bazaar.
You visited 4 portal chambers: sewer, bailey, ice cave, wizlab.

You collected 9045 gold pieces.
You spent 2753 gold pieces at shops.

Inventory:

Hand weapons
 l - a +0,+0 knife
Armour
 e - a +3 elven buckler (worn)
 g - a +5 mottled dragon armour (worn)
 h - the cursed +3 wizard hat of Honour (worn) {rElec rC+ Dex+2 Dam+1}
   (You found it on level 10 of the Dungeon)

   It affects your dexterity (+2).
   It affects your damage-dealing abilities (+1).
   It protects you from cold.
   It insulates you from electricity.
   It has a curse placed upon it.
 j - a +2 pair of dwarven gloves of strength (worn)
 N - a +2 cloak of preservation (worn)
 S - a cursed +2 pair of boots of running (worn)
Magical devices
 c - a wand of draining (10)
 u - a wand of fireball (4)
 x - a wand of cold (6)
 y - a wand of teleportation (4)
 A - a wand of digging (13)
 H - a wand of fire (6)
 I - a wand of lightning (7)
 K - a wand of disintegration (3)
 P - a wand of random effects (11)
 W - a wand of fire (6)
Comestibles
 i - 8 bread rations
 t - 2 meat rations
Scrolls
 p - 2 scrolls of identify
 r - 4 scrolls of teleportation
 v - a scroll of fog
 D - 6 scrolls of remove curse
Jewellery
 k - an uncursed amulet of resist mutation
 s - the cursed amulet of Otaziech {Gourm SInv}
   (You bought it in a shop on level 1 of the Elven Halls)

   [amulet of the gourmand]

   It enhances your eyesight.
   It has a curse placed upon it.
 C - the ring of Khoifeant (right hand) {Wiz Str+5}
   (You found it on level 25 of the Dungeon)

   [ring of wizardry]

   It affects your strength (+5).
 J - a cursed ring of sustain abilities (left hand)
 M - a cursed +0,+3 ring of slaying
 Y - the amulet of Lies (around neck) {Cons Dex+4 Int+5 Dam+4}
   (You found it on level 8 of the Vaults)

   [amulet of conservation]

   It affects your intelligence (+5).
   It affects your dexterity (+4).
   It affects your damage-dealing abilities (+4).
Potions
 d - 2 potions of restore abilities
 m - a potion of invisibility
 z - 2 potions of resistance
 G - a potion of agility
 L - 10 potions of healing
 O - a potion of might
 Z - 2 potions of speed
Magical staves
 a - a staff of earth (weapon)
 b - a staff of enchantment You had 72566 experience left.


   Skills:
 + Level 13 Fighting
 - Level 1 Maces & Flails
 - Level 8 Staves
 + Level 5 Armour
 + Level 18 Dodging
 - Level 4 Stealth
 - Level 2 Stabbing
 - Level 6 Shields
 + Level 3 Traps & Doors
 + Level 18 Spellcasting
 - Level 5 Conjurations
 - Level 2 Charms
 + Level 3 Summonings
 + Level 16 Necromancy
 - Level 2 Translocations
 + Level 13 Transmutations
 - Level 2 Fire Magic
 - Level 2 Air Magic
 * Level 27 Earth Magic
 - Level 1 Poison Magic
 + Level 10 Evocations


You had 2 spell levels left.
You knew the following spells:

 Your Spells              Type           Power        Success   Level  Hunger
a - Sandblast             Erth           #######      Perfect     1    N/A
b - Stone Arrow           Erth/Conj      #######      Perfect     3    N/A
c - Lee's Rapid Deconstr  Erth           ##########   Perfect     5    N/A
d - Stoneskin             Erth/Trmt      #########.   Perfect     2    N/A
e - Sting                 Pois/Conj      #####        Excellent   1    N/A
f - Shatter               Erth           ##########   Excellent   9    N/A
g - Fulsome Distillation  Trmt/Necr      N/A          Perfect     1    N/A
h - Evaporate             Fire/Trmt      #######...   Excellent   2    N/A
i - Dispel Undead         Necr           #########    Perfect     4    N/A
j - Abjuration            Summ           #######...   Excellent   3    N/A
k - Repel Missiles        Air/Chrm       #####.....   Excellent   2    N/A
l - Apportation           Tloc           #######...   Excellent   1    N/A
m - Blink                 Tloc           N/A          Excellent   2    N/A
n - Swiftness             Air/Chrm       #####.....   Excellent   2    N/A
o - Statue Form           Erth/Trmt      #########.   Excellent   6    N/A
p - Lehudib's Crystal Sp  Erth/Conj      #########.   Excellent   8    N/A
q - Necromutation         Trmt/Necr      #########.   Great       8    N/A

Dungeon Overview and Level Annotations

Branches:
Dungeon (27/27)            Temple (1/1) D:5             Orc (4/4) D:10
    Elf (5/5) Orc:3          Lair (8/8) D:10          Swamp (5/5) Lair:4
  Slime (0/6) Lair:6        Snake (5/5) Lair:6         Hive (2/2) D:16
  Vault (8/8) D:19          Blade (1/1) Vault:4       Crypt (5/5) Vault:3
   Tomb (1/3) Crypt:3         Zot (0/5) D:27

Altars:
Ashenzari
Cheibriados
Elyvilon
Fedhas
Kikubaaqudgha
Makhleb
Nemelex Xobeh
Okawaru
Sif Muna
The Shining One
Trog
Vehumet
Xom
Yredelemnul
Zin
Beogh

Shops:
D:4: % D:16: ? Orc:4: [*(= Elf:1: (/= Elf:3: =(! Elf:4: ( Snake:2: ? Snake:4: = Vault:4: ( Vault:7: (

Portals:
Hell: D:21 D:22 D:23 D:24 D:25 D:26 D:27
Abyss: D:24 D:25
Pan: D:21 D:22 D:23 D:24
Ziggurat: D:22 (3260 gp)

Annotations
Orc:4 exclusion: Roxanne


Innate Abilities, Weirdness & Mutations

You are agile (Dex +3).
Your mind is acute (Int +3).
Your body is slowly deteriorating.
Your muscles are strong (Str +3).


Message History

You are engulfed in negative energy!
You resist.
A door shatters!
A door shatters!
Ka-crash!
You block the flayed ghost's attack. The greater mummy casts a spell at you.
Something smites you!
You die... ▒∙∙∙∙∙∙∙▒ ▒∙∙∙∙∙∙∙▒ ▒∙∙ ▒∙8∙∙∙8∙▒ ∙∙∙∙ ∙∙∙∙∙∙∙▒ ∙∙∙ ▒▒∙∙∙∙∙▒▒ ▒∙▒▒∙∙▒▒∙M∙∙∙∙∙▒▒ ∙∙∙∙∙∙∙∙∙∙∙∙∙∙M∙∙ ∙∙∙∙∙∙(pp∙∙∙∙∙∙∙∙

∙∙∙∙∙∙∙M∙p∙∙∙∙∙∙▒▒
∙∙∙∙33p2LW2∙∙∙∙∙▒
∙∙∙∙∙∙∙∙∙∙∙M∙∙∙∙▒
∙∙∙∙∙∙p∙∙∙∙∙∙∙∙▒
∙∙∙∙∙∙∙∙∙∙∙∙∙∙∙▒
∙∙∙∙∙∙∙∙∙∙∙∙∙∙∙▒
∙M∙∙M∙∙∙∙∙∙∙∙∙▒


∙∙∙∙∙∙∙∙∙∙∙∙∙ ∙∙∙∙∙∙∙∙∙∙∙ ∙∙∙∙∙∙∙∙∙ ∙∙∙ You could see 2 greater mummies, 2 mummy
priests, a flayed ghost, 2 guardian mummies, 2 reapers, a freezing wraith, a
neqoxec, a ynoxinul and 4 shadows.

Vanquished Creatures
  The ghost of mrbobbyg the Blocker, a great HuWz of Cheibriados (Crypt:5)
  3 greater mummies (Port)
  Saint Roka (Crypt:2)
  2 ancient liches
  Boris (Vault:6)
  Norris (Snake:1)
  Mara (Vault:6)
  A golden dragon (Vault:7)
  Xtahua (Blade)
  Frederick (Blade)
  4 liches
  Nikola (Swamp:1)
  2 curse skulls
  2 deep elf blademasters
  2 quicksilver dragons (Vault:8)
  5 sphinxes
  18 shadow dragons
  Kirke (Elf:3)
  4 titans
  9 storm dragons
  Rupert (D:18)
  Frances (Snake:2)
  Donald (Elf:4)
  2 bone dragons
  6 ghouls
  2 frost giants (shapeshifter) (Vault:8)
  6 frost giants
  Wiglaf (Elf:5)
  2 iron dragons (Vault:8)
  Louise (Elf:4)
  8 tentacled monstrosities
  6 fire giants
  3 orc warlords
  50 stone giants
  3 deep elf annihilators
  6 greater nagas (Snake:5)
  2 deep elf sorcerers
  2 deep elf death magi
  Azrael (D:15)
  A titan zombie (Crypt:5)
  2 deep elf master archers (Elf:5)
  A minotaur (shapeshifter) (D:16)
  Snorg (Swamp:5)
  41 yaktaur captains
  24 vault guards (Vault:7)
  6 ettins
  2 storm dragon zombies
  2 vampire knights (Crypt:5)
  9 mummy priests
  A dragon (shapeshifter) (D:21)
  2 titan skeletons
  A dragon (D:21)
  5 great orbs of eyes
  The ghost of Castanova the Slicer, a powerful KoBe of Trog (Lair:2)
  Josephine (Orc:3)
  An anaconda zombie (Tomb:1)
  A golden dragon zombie (Crypt:5)
  7 ice dragons
  2 storm dragon skeletons
  4 anacondas (shapeshifter) (Vault:8)
  2 shadow dragon zombies
  8 ogre magi
  An alligator (shapeshifter) (Vault:8)
  17 hydras
  39 dancing weapons
  6 alligators
  2 golden dragon skeletons
  A sphinx zombie (Crypt:3)
  A deep elf demonologist (Elf:1)
  2 stone giant zombies
  A fire giant zombie (D:22)
  6 anacondas
  A rakshasa (Vault:1)
  Nergalle (D:18)
  A deep troll (shapeshifter) (Vault:7)
  A deep elf high priest (Elf:5)
  29 deep trolls
  10 very ugly things
  8 griffons
  7 orc high priests
  5 fire giant skeletons
  4 iron golems (Crypt:5)
  20 centaur warriors
  6 stone giant skeletons
  4 frost giant skeletons
  4 death yaks
  2 elves (shapeshifter)
  A death drake (shapeshifter) (Vault:8)
  A giant orange brain (shapeshifter) (Vault:8)
  6 hell knights (Crypt:5)
  2 ice devils (D:19)
  A sea snake (shapeshifter) (Vault:8)
  43 deep elf knights
  2 iron trolls (D:26)
  A lindwurm (shapeshifter) (Vault:8)
  A white draconian zombie (Crypt:4)
  56 skeletal warriors
  2 unseen horrors
  Erolcha (Elf:4)
  2 griffons (shapeshifter)
  2 grey draconian zombies
  9 naga warriors
  2 giant amoebae
  A mottled draconian zombie (Crypt:4)
  A yellow draconian zombie (Crypt:5)
  2 iron troll zombies
  6 ice statues
  5 harpies (D:22)
  2 centaur zombies
  6 flayed ghosts
  4 swamp dragons
  A harpy (shapeshifter) (D:18)
  A vampire mage (Vault:3)
  6 hill giants
  13 orc sorcerers
  30 orc knights
  A giant amoeba (shapeshifter) (D:25)
  The ghost of PhotoJoseph the Grappler, an experienced TrBe of Trog (Lair:1)
  A grey draconian skeleton (Crypt:5)
  3 crystal golems (Crypt:5)
  A purple draconian skeleton (Crypt:3)
  6 iron troll skeletons
  A guardian serpent (shapeshifter) (Vault:8)
  3 guardian serpents
  A hellion (Elf:4)
  A death yak skeleton (Tomb:1)
  5 phantasmal warriors
  2 flaming corpses
  A siren skeleton (Crypt:1)
  11 cyclopes
  2 spiny worms
  9 necromancers
  A shining eye (shapeshifter) (Vault:8)
  3 minotaur skeletons
  A red wasp (shapeshifter) (Vault:8)
  A reaper (Crypt:3)
  A glowing shapeshifter (Vault:8)
  A black mamba (shapeshifter) (Vault:8)
  6 trapdoor spider zombies
  A wolf spider zombie (Crypt:1)
  An ettin zombie (D:22)
  Maurice (D:8)
  3 weapon mimics
  An alligator zombie (Crypt:3)
  A stone giant simulacrum (D:16)
  A fire crab (D:21)
  A death drake skeleton (Crypt:4)
  A wolf spider (Vault:1)
  3 red wasp zombies
  20 black mambas
  A fountain mimic (D:20)
  A cyclops (shapeshifter) (Vault:8)
  2 trapdoor spiders
  2 ettin skeletons
  2 spiny worm zombies
  61 slime creatures
  A queen ant (Lair:7)
  4 elephants (Lair:4)
  A giant toad zombie (Crypt:2)
  A human (shapeshifter) (Vault:8)
  3 hellwings
  2 orange demons
  2 giant firefly zombies
  15 spiny frogs
  2 ice dragon skeletons
  21 guardian mummies
  22 naga magi
  A dragon skeleton (Tomb:1)
  A spriggan zombie (Crypt:1)
  56 yaktaurs
  18 rock trolls
  Psyche (D:11)
  A rock troll (shapeshifter) (D:22)
  A silent spectre (Crypt:4)
  10 trolls
  7 elf zombies
  113 ugly things
  4 komodo dragons
  3 queen bees
  6 spriggans (shapeshifter)
  4 redbacks
  A troll (shapeshifter) (Vault:2)
  A purple draconian simulacrum (Port)
  An agate snail zombie (Crypt:3)
  A raven zombie (Crypt:4)
  Prince Ribbit (D:4)
  3 komodo dragons (shapeshifter)
  3 blink frogs (Lair:4)
  The ghost of Legato the Conjurer, an experienced DEWz of Sif Muna (D:7)
  6 bog mummies
  2 rock troll zombies
  A baby alligator zombie (Crypt:4)
  20 hydra simulacra (Swamp:5)
  13 two-headed ogres
  A baby alligator (Lair:4)
  2 snapping turtle zombies
  2 baby alligator skeletons
  25 giant toads
  15 deep elf conjurers
  36 yaks
  An elephant zombie (Crypt:1)
  A wyvern (D:12)
  A brown ooze (shapeshifter) (Vault:8)
  3 blink frog zombies
  A merfolk zombie (Crypt:4)
  A swamp dragon zombie (Crypt:1)
  8 vampires
  27 vampire mosquitoes
  17 wraiths
  A ynoxinul (D:22)
  A golden eye (shapeshifter) (D:26)
  2 fire elementals (D:15)
  2 lindwurm skeletons
  29 deep elf fighters
  A merfolk (shapeshifter) (Vault:8)
  10 deep elf summoners
  2 fire crab zombies (D:17)
  A mermaid zombie (Crypt:4)
  2 yaktaur zombies
  A steam dragon (D:14)
  The ghost of Harpy the Cudgeler, an average DSAK of Lugonu (D:5)
  28 necrophages
  2 hogs (Elf:3)
  2 fire drakes (D:16)
  A komodo dragon zombie (Crypt:1)
  2 giant slug zombies
  A neqoxec (Vault:7)
  7 hippogriffs
  4 molten gargoyles (Vault:7)
  3 yaktaur skeletons
  A rock worm (D:18)
  2 manticores (shapeshifter)
  15 soldier ants (Lair:7)
  17 war dogs
  2 mottled dragons
  A manticore (D:18)
  4 hungry ghosts
  A wyvern zombie (Crypt:4)
  A rock worm (shapeshifter) (Elf:3)
  5 kenku (Swamp:2)
  32 swamp worms
  15 freezing wraiths
  4 hell hounds
  4 red devils (D:10)
  3 yellow wasps
  11 deep elf priests
  2 cyclops skeletons
  A manticore skeleton (Crypt:3)
  3 sky beasts
  11 ice beasts
  2 queen bee zombies
  2 yak zombies
  Menkaure (D:6)
  67 insubstantial wisps
  2 kobold demonologists (D:19)
  12 swamp drakes
  41 ogres
  71 orc warriors
  2 troll zombies
  2 phantoms
  A bumblebee zombie (Crypt:4)
  12 giant goldfish
  A troll skeleton (D:16)
  43 centaurs
  21 deep elf magi
  46 nagas
  5 boring beetles
  9 gila monsters
  A naga (shapeshifter) (Vault:4)
  2 wolf zombies
  8 wolves
  Sigmund (D:3)
  Duvessa (D:9)
  A fire crab simulacrum (D:21)
  A giant slug (shapeshifter) (Vault:8)
  A giant frog zombie (Crypt:1)
  18 water moccasins
  A wolf skeleton (Crypt:4)
  8 giant slugs
  19 wargs
  2 draconians (shapeshifter)
  8 big kobolds
  27 giant frogs
  14 crocodiles
  8 giant leeches
  A black bear zombie (Crypt:3)
  4 silver statues (D:25)
  A yellow wasp zombie (Port)
  6 soldier ant zombies
  6 agate snails
  A brain worm (D:19)
  A water moccasin zombie (D:9)
  4 swamp worm simulacra (Swamp:5)
  A black bear skeleton (Crypt:4)
  A warg skeleton (Orc:3)
  4 grizzly bear simulacra (Lair:3)
  10 jellyfish
  2 giant goldfish simulacra (Swamp:5)
  5 killer bee zombies
  9 lava snakes
  17 electric eels
  144 killer bees
  A demonspawn zombie (Crypt:4)
  2 eyes of draining
  2 gila monster zombies
  12 imps
  A pulsating lump (shapeshifter) (D:27)
  A dwarf zombie (Crypt:2)
  36 wights
  2 big kobold zombies (D:17)
  11 boulder beetles
  A kenku zombie (Crypt:4)
  Dowan (D:9)
  A demigod zombie (Crypt:4)
  2 goliath beetles
  7 big fish
  A big kobold skeleton (D:14)
  2 gila monster skeletons
  A mottled dragon skeleton (Crypt:3)
  An iron imp (Elf:4)
  A yellow wasp simulacrum (Vault:3)
  27 orc priests
  2 quasits
  3 scorpions
  A hound zombie (Port)
  15 iguanas
  17 hounds
  2 hound skeletons
  5 shadows
  16 spiders
  5 porcupines
  43 deep elf soldiers
  A naga skeleton (Crypt:4)
  29 orc wizards
  4 orange rats
  8 sheep
  44 worker ants
  4 hound simulacra (Lair:3)
  21 jellies
  A jelly (shapeshifter) (D:20)
  2 spectral orcs (D:18)
  3 boggarts (Vault:2)
  26 flying skulls (Crypt:5)
  2 goliath beetle zombies (Port)
  7 mummies
  8 gnolls (Port)
  A gnoll (shapeshifter) (Vault:8)
  A lemure (Elf:2)
  3 giant centipedes
  21 green rats
  3 human zombies
  2 midges
  48 snakes
  A giant centipede zombie (D:24)
  5 snake zombies
  2 iguana skeletons
  A shadow imp (Elf:5)
  3 white imps
  2 snake skeletons
  7 worms
  2 electric eel simulacra (Swamp:5)
  3 sheep simulacra (Lair:3)
  13 ufetubi
  A megabat zombie (Crypt:4)
  11 giant geckos
  A human skeleton (Crypt:1)
  2 oozes
  An orc (shapeshifter) (Vault:7)
  207 orcs
  10 giant cockroaches
  21 grey rats
  40 hobgoblins
  41 jackals
  43 kobolds
  11 quokkas
  12 small snakes
  10 giant newts
  A giant newt zombie (Port)
  A giant spore (D:8)
  36 goblins
  A goblin zombie (Port)
  A grey rat skeleton (Crypt:1)
  A hobgoblin skeleton (Crypt:3)
  2 jackal zombies (Port)
  46 killer bee larvae
  A kobold skeleton (Vault:2)
  3 kobold zombies
  31 megabats
  An orc skeleton (D:22)
  6 orc zombies
  A quokka zombie (Crypt:1)
  46 rats
  A rat skeleton (D:5)
  A rat zombie (Crypt:1)
  A small snake zombie (Crypt:4)
  4 ballistomycetes
  4 butterflies (Crypt:5)
  9 fungi
  5 plants
  85 toadstools
3455 creatures vanquished.

Vanquished Creatures (collateral kills)
  3 anacondas (Snake:2)
  A deep elf knight (Elf:1)
  A naga warrior (Snake:2)
  A black mamba (Snake:2)
  An elephant slug (Lair:8)
  A slime creature (D:12)
  3 nagas (Snake:2)
  3 water moccasins (Snake:2)
  4 killer bees
  A jellyfish (Snake:2)
  3 orc priests (Orc:4)
  6 orc wizards (Orc:4)
  A deep elf soldier (Elf:4)
  A jelly (D:9)
  A giant centipede (Lair:2)
  An ufetubus (Elf:2)
  6 orcs
  2 hobgoblins
  A human (Elf:3)
  A plant (Lair:2)
42 creatures vanquished.

Vanquished Creatures (others)
  An anaconda zombie (Snake:2)
  An elf zombie (Elf:5)
  A giant amoeba (Vault:2)
  A spiny worm (D:26)
  11 slime creatures
  A black mamba zombie (Snake:2)
  A yaktaur (D:26)
  2 humans (Elf:3)
  A cyclops skeleton (D:16)
  A deep elf mage (Elf:2)
  A centaur (D:25)
  2 giant frogs
  A wolf (Lair:8)
  A giant frog skeleton (Crypt:5)
  19 imps
  An ogre skeleton (Crypt:5)
  2 iron imps
  An orc wizard (Orc:4)
  A jelly (D:8)
  7 shadow imps
  12 white imps
  An ufetubus (Elf:2)
  A green rat skeleton (Crypt:5)
  A human skeleton (Crypt:5)
  4 orcs
  3 kobolds (D:11)
  A small snake (D:15)
  A giant cockroach zombie (Crypt:5)
  A giant spore (D:11)
  A goblin (D:22)
  A jackal zombie (D:12)
  14 killer bee larvae (Hive:2)
  2 rats
  A rat zombie (D:9)
  10 fungi (Lair:8)
  2 plants
  410 toadstools
523 creatures vanquished.

Grand Total: 4020 creatures vanquished

Notes
Turn   | Place    | Note
--------------------------------------------------------------
     0 | D:1      | tcjsavannah, the Sludge Elf Earth Elementalist, began the quest for the Orb.
     0 | D:1      | Reached XP level 1. HP: 10/10 MP: 3/3
   531 | D:1      | Reached XP level 2. HP: 14/14 MP: 2/5
   619 | D:1      | Reached skill level 4 in Earth Magic
  1355 | D:2      | Reached XP level 3. HP: 20/20 MP: 6/7
  1367 | D:2      | Learned a level 3 spell: Stone Arrow
  2087 | D:3      | Reached skill level 5 in Earth Magic
  2126 | D:3      | Noticed Sigmund
  2310 | D:3      | Reached XP level 4. HP: 24/24 MP: 8/9
  2926 | D:4      | Noticed Prince Ribbit
  3219 | D:4      | Reached skill level 1 in Staves
  3586 | D:4      | Defeated Prince Ribbit
  3586 | D:4      | Reached XP level 5. HP: 18/29 MP: 1/10
  3586 | D:4      | Reached XP level 6. HP: 21/34 MP: 2/13
  3595 | D:4      | Found a glowing drain. 3704
                  | sewer
                  | Entered the sewers 3871
                  | sewer
                  | Reached skill level 6 in Earth Magic 3910
                  | sewer
                  | Learned a level 5 spell: Lee's Rapid Deconstruction 4182
                  | sewer
                  | Reached skill level 7 in Earth Magic 4416
                  | sewer
                  | Reached skill level 8 in Earth Magic 4545
                  | sewer
                  | Reached skill level 5 in Dodging 4552
                  | sewer
                  | Reached XP level 7. HP: 28/39 MP: 12/16
  5207 | D:4      | Found Ysaagg's Food Emporium.
  5282 | D:4      | Reached skill level 1 in Conjurations
  5285 | D:4      | Reached skill level 9 in Earth Magic
  5289 | D:4      | Learned a level 2 spell: Stoneskin
  5628 | D:5      | Entered Level 5 of the Dungeon
  5691 | D:5      | Found a staircase to the Ecumenical Temple.
  5700 | Temple   | Entered the Ecumenical Temple
  5804 | Temple   | Became a worshipper of Vehumet
  6028 | D:5      | Found a white marble altar of Elyvilon.
  6079 | D:5      | Noticed Harpy's ghost (average DSAK)
  6098 | D:5      | Defeated Harpy's ghost
  6098 | D:5      | Reached XP level 8. HP: 43/43 MP: 2/19
  6551 | D:6      | Reached skill level 10 in Earth Magic
  6708 | D:6      | Reached skill level 1 in Fighting
  6779 | D:6      | Acquired Vehumet's first power
  7027 | D:6      | Noticed Menkaure
  7029 | D:6      | Defeated Menkaure
  7447 | D:3      | Reached skill level 1 in Stabbing
  7617 | D:3      | Defeated Sigmund
  7617 | D:3      | Reached XP level 9. HP: 50/50 MP: 15/20
  7959 | D:7      | Reached skill level 5 in Spellcasting
  7991 | D:7      | Noticed Legato's ghost (experienced DEWz)
  7993 | D:7      | Reached skill level 11 in Earth Magic
  7999 | D:7      | Defeated Legato's ghost
  8415 | D:7      | Found an ancient bone altar of Kikubaaqudgha.
  8574 | D:8      | Found a flagged portal. 8611
                  | bailey
                  | Entered the bailey 8635
                  | bailey
                  | Acquired Vehumet's second power 9033
                  | bailey
                  | Acquired Vehumet's third power 9041
                  | bailey
                  | Reached skill level 12 in Earth Magic 9052
                  | bailey
                  | Reached XP level 10. HP: 57/57 MP: 6/22 9397
                  | bailey
                  | Got an inconspicuous book 9407
                  | bailey
                  | Gained mutation: Your mind is acute (Int +1). 9408
                  | bailey
                  | Gained mutation: Your mind is acute (Int +2). 9409
                  | bailey
                  | Gained mutation: Your mind is acute (Int +3). 9412
                  | bailey
                  | Gained mutation: You are agile (Dex +1). 9413
                  | bailey
                  | Gained mutation: You are agile (Dex +2). 9414
                  | bailey
                  | Identified the Collected Works on Vitriolic Arcane Weapons (You found it in the bailey) 9416
                  | bailey
                  | Learned a level 1 spell: Sting 9417
                  | bailey
                  | Gained mutation: Your muscles are strong (Str +1). 9482
                  | bailey
                  | Reached skill level 13 in Earth Magic
  9682 | D:8      | Gained mutation: You are agile (Dex +3).
  9706 | D:8      | Reached skill level 1 in Poison Magic
  9716 | D:8      | Learned a level 3 spell: Spider Form
  9762 | D:8      | Noticed Maurice
  9766 | D:8      | Defeated Maurice
  9766 | D:8      | Acquired Vehumet's fourth power
  9766 | D:8      | Reached XP level 11. HP: 62/62 MP: 7/25
 10127 | D:9      | Found an iron altar of Okawaru.
 10250 | D:9      | Identified a +0 rod of demonology (14/14) (You found it on level 9 of the Dungeon)
 10423 | D:9      | Noticed Duvessa
 10427 | D:9      | Reached skill level 14 in Earth Magic
 10428 | D:9      | Noticed Dowan
 10428 | D:9      | Defeated Duvessa
 10428 | D:9      | Defeated Dowan
 10523 | D:9      | Reached skill level 1 in Evocations
 10939 | D:10     | Entered Level 10 of the Dungeon
 11035 | D:10     | You fall through a shaft!
 11090 | D:10     | Got a crude wizard hat
 11095 | D:10     | Identified the +3 wizard hat of Honour (You found it on level 10 of the Dungeon)
 11199 | D:10     | Found a staircase to the Orcish Mines.
 11260 | D:10     | Found a staircase to the Lair.
 11266 | Lair:1   | Entered Level 1 of the Lair of Beasts
 11337 | Lair:1   | Noticed PhotoJoseph's ghost (experienced TrBe)
 11345 | Lair:1   | Defeated PhotoJoseph's ghost
 11703 | Lair:2   | Learned a level 1 spell: Fulsome Distillation
 12385 | Lair:2   | Noticed Castanova's ghost (powerful KoBe)
 12428 | Lair:2   | Defeated Castanova's ghost
 12527 | Lair:2   | Reached XP level 12. HP: 61/70 MP: 28/28
 12675 | Lair:2   | Reached skill level 15 in Earth Magic
 12849 | Lair:2   | Gained mutation: Your muscles are strong (Str +2).
 13131 | Lair:2   | Learned a level 2 spell: Evaporate
 13203 | Lair:3   | Reached skill level 1 in Necromancy
 13323 | Lair:3   | Got a brightly glowing robe
 13324 | Lair:3   | Identified the +3 robe of the Untouchables (You found it on level 3 of the Lair of Beasts)
 13865 | Lair:4   | Found a staircase to the Swamp.
 14664 | Lair:4   | You fall through a shaft!
 14697 | Lair:5   | Reached skill level 16 in Earth Magic
 14761 | Lair:5   | Reached skill level 1 in Traps & Doors
 14768 | Lair:5   | Reached XP level 13. HP: 67/73 MP: 24/30
 15639 | Lair:5   | Received a gift from Vehumet
 15692 | Lair:5   | Identified a +4 rod of destruction [fire] (11/11) (You found it on level 5 of the Lair of Beasts)
 16339 | Orc:1    | Entered Level 1 of the Orcish Mines
 16394 | D:10     | Reached skill level 1 in Armour
 17105 | D:11     | Noticed Psyche
 17109 | D:11     | Defeated Psyche
 17519 | D:11     | Learned a level 4 spell: Dispel Undead
 17656 | D:11     | Reached skill level 1 in Fire Magic
 18486 | Orc:2    | Found a roughly hewn altar of Beogh.
 18900 | Orc:3    | Noticed Josephine
 19139 | Orc:3    | Defeated Josephine
 19265 | Orc:3    | Reached skill level 10 in Spellcasting
 19267 | Orc:3    | Received a gift from Vehumet
 19479 | Orc:3    | Found a staircase to the Elven Halls.
 19543 | Orc:4    | Entered Level 4 of the Orcish Mines
 19915 | Orc:4    | Noticed Roxanne
 19992 | Orc:4    | Noticed an orc high priest
 19993 | Orc:4    | Noticed an orc high priest
 19993 | Orc:4    | Noticed an orc warlord
 20040 | Orc:4    | Defeated an orc high priest
 20044 | Orc:4    | Defeated an orc warlord
 20054 | Orc:4    | Reached skill level 17 in Earth Magic
 20220 | Orc:4    | Reached skill level 5 in Transmutations
 20242 | Orc:4    | Defeated an orc high priest
 20643 | Orc:4    | Noticed an orc high priest
 20644 | Orc:4    | Defeated an orc high priest
 20712 | Orc:4    | Noticed an orc high priest
 20713 | Orc:4    | Reached XP level 14. HP: 80/80 MP: 31/31
 20715 | Orc:4    | Defeated an orc high priest
 20744 | Orc:4    | Found Suicsuni's Antique Armour Boutique.
 20745 | Orc:4    | Found Oleg's Antique Weapon Boutique.
 20746 | Orc:4    | Found Mecuphoc's General Store.
 20746 | Orc:4    | Found Xebb's Jewellery Shop.
 20762 | Orc:4    | Bought a buckler for 92 gold pieces
 20762 | Orc:4    | Bought a pair of embroidered dwarven gloves for 51 gold pieces
 20780 | Orc:4    | Bought an uncursed ring of see invisible for 224 gold pieces
 20784 | Orc:4    | Received a gift from Vehumet
 20958 | Lair:2   | Reached XP level 15. HP: 85/85 MP: 32/32
 21151 | Elf:1    | Entered Level 1 of the Elven Halls
 21555 | Elf:1    | Reached skill level 5 in Necromancy
 21595 | Elf:1    | Found Gahaerop's Jewellery Boutique.
 21606 | Elf:1    | Bought the amulet of Otaziech {Gourm SInv} for 539 gold pieces
 21614 | Elf:1    | Found Netadof's Magical Wand Shoppe.
 21919 | Elf:1    | Found a burning altar of Makhleb.
 21947 | Elf:1    | Reached skill level 10 in Dodging
 22030 | Elf:1    | Found Mnyxt's Antique Weapon Emporium.
 22366 | Elf:2    | Noticed an orc knight
 22369 | Elf:2    | Defeated an orc knight
 22391 | Elf:2    | Reached skill level 18 in Earth Magic
 22566 | Elf:2    | Reached skill level 5 in Fighting
 22584 | Elf:2    | Reached skill level 1 in Shields
 23367 | Elf:3    | Noticed Kirke
 23383 | Elf:3    | Found Skezok's Jewellery Boutique.
 23606 | Lair:6   | Found a staircase to the Slime Pits.
 23630 | Lair:6   | Found a staircase to the Snake Pit.
 23698 | Lair:6   | Gained mutation: Your muscles are strong (Str +3).
 23952 | Lair:6   | Received a gift from Vehumet
 24435 | Lair:7   | Identified a scroll of acquirement
 24993 | Lair:8   | Entered Level 8 of the Lair of Beasts
 25257 | Lair:8   | Reached skill level 5 in Staves
 25625 | Lair:8   | Received a gift from Vehumet
 25635 | Lair:8   | Learned a level 3 spell: Abjuration
 25800 | Lair:8   | Reached XP level 16. HP: 85/92 MP: 30/35
 26795 | D:12     | Reached XP level 17. HP: 96/96 MP: 36/36
 26797 | D:12     | Reached skill level 5 in Evocations
 27262 | D:12     | Reached skill level 1 in Maces & Flails
 27285 | D:12     | Reached skill level 19 in Earth Magic
 29270 | Elf:3    | Defeated Kirke
 29547 | Elf:3    | Found Chyag's Weapon Shoppe.
 29589 | Elf:3    | Bought an uncursed amulet of resist mutation for 252 gold pieces
 29688 | Elf:3    | Found Girchois' Distillery.
 29963 | Elf:4    | Noticed Louise
 29966 | Elf:4    | Defeated Louise
 30097 | Elf:4    | Noticed Donald
 30101 | Elf:4    | Defeated Donald
 30316 | Elf:4    | Noticed a deep elf blademaster
 30316 | Elf:4    | Noticed an orc high priest
 30316 | Elf:4    | Noticed an orc knight
 30316 | Elf:4    | Noticed an orc knight
 30319 | Elf:4    | Noticed Erolcha
 30331 | Elf:4    | Reached XP level 18. HP: 96/101 MP: 25/37
 30333 | Elf:4    | Reached skill level 1 in Summonings
 30338 | Elf:4    | Noticed an orc knight
 30345 | Elf:4    | Defeated Erolcha
 30366 | Elf:4    | Noticed an orc knight
 30367 | Elf:4    | Defeated an orc knight
 30368 | Elf:4    | Defeated an orc knight
 30368 | Elf:4    | Defeated a deep elf blademaster
 30445 | Elf:4    | Reached skill level 20 in Earth Magic
 30452 | Elf:4    | Defeated an orc knight
 30454 | Elf:4    | Noticed an orc knight
 30631 | Elf:4    | Defeated an orc knight
 30631 | Elf:4    | Defeated an orc knight
 30718 | Elf:4    | Defeated an orc high priest
 31357 | Elf:5    | Entered Level 5 of the Elven Halls
 31716 | Elf:5    | Noticed Wiglaf
 31721 | Elf:5    | Found a shimmering altar of Xom.
 31726 | Elf:5    | Defeated Wiglaf
 31964 | Elf:5    | Defeated a deep elf blademaster
 31972 | Elf:5    | Noticed a deep elf master archer
 31974 | Elf:5    | Defeated a deep elf master archer
 32054 | Elf:5    | Got a crude amethyst amulet
 32064 | Elf:5    | Got a conspicuous book
 32065 | Elf:5    | Identified the Handbook of Buffs and Sinister Arts (You found it on level 5 of the Elven Halls)
 32068 | Elf:5    | Learned a level 2 spell: Repel Missiles
 32078 | Elf:5    | Identified the amulet "Lyddubbo" (You found it on level 5 of the Elven Halls)
 32087 | Elf:5    | Got a flickering copper ring
 32098 | Elf:5    | Identified the ring "Poen" (You found it on level 5 of the Elven Halls)
 32104 | Elf:5    | Got an ichor-stained robe
 32372 | Elf:5    | Noticed a deep elf master archer
 32380 | Elf:5    | Defeated a deep elf master archer
 32493 | Elf:5    | Got a flickering ivory ring
 32495 | Elf:5    | Got a yellowed book
 32496 | Elf:5    | Identified the Almanac of the Twisted Escort (You found it on level 5 of the Elven Halls)
 32498 | Elf:5    | Learned a level 1 spell: Apportation
 32604 | Elf:5    | Identified the +4 robe of Guepn (You found it on level 5 of the Elven Halls)
 32897 | Lair:2   | Identified the ring of Nuesm (You found it on level 5 of the Elven Halls)
 33021 | Snake:1  | Entered Level 1 of the Snake Pit
 33496 | Snake:2  | Noticed Norris
 33525 | Snake:1  | Defeated Norris
 34064 | Snake:2  | Found Phec's Magic Scroll Shoppe.
 34078 | Snake:2  | Bought a scroll of identify for 28 gold pieces
 34078 | Snake:2  | Bought a scroll of enchant armour for 67 gold pieces
 34248 | Snake:2  | Reached XP level 19. HP: 46/105 MP: 30/38
 34510 | Snake:2  | Noticed Frances
 34651 | Snake:2  | Defeated Frances
 36293 | Snake:4  | Reached skill level 21 in Earth Magic
 36674 | Snake:4  | Found Beeqerphoe's Jewellery Emporium.
 37162 | Snake:5  | Entered Level 5 of the Snake Pit
 37975 | Snake:5  | Got a serpentine rune of Zot
 38616 | D:15     | Entered Level 15 of the Dungeon
 38825 | D:15     | Noticed a fire elemental
 38826 | D:15     | Noticed Azrael
 38826 | D:15     | Noticed a fire elemental
 38830 | D:15     | Defeated Azrael
 38831 | D:15     | Defeated a fire elemental
 38831 | D:15     | Defeated a fire elemental
 39422 | D:16     | Found Shricer's Magic Scroll Shop.
 39629 | D:16     | Found a staircase to the Hive.
 39642 | Hive:1   | Entered Level 1 of the Hive
 39707 | Hive:2   | Entered Level 2 of the Hive
 40143 | Hive:2   | Learned a level 2 spell: Blink
 40442 | Hive:1   | Got a shimmering whip
 40444 | Hive:1   | Identified the whip "Zecob" {venom, Int-2} (You found it on level 1 of the Hive)
 42496 | D:16     | Noticed a shadow dragon
 42531 | D:16     | Reached XP level 20. HP: 113/113 MP: 10/39
 42532 | D:16     | Defeated a shadow dragon
 42652 | D:16     | Noticed a yaktaur captain
 42655 | D:16     | Defeated a yaktaur captain
 42655 | D:16     | Reached skill level 22 in Earth Magic
 42712 | D:16     | Noticed a frost giant
 42716 | D:16     | Defeated a frost giant
 42722 | D:16     | Noticed a stone giant
 42727 | D:16     | A queen ant changed into an ettin
 42745 | D:16     | Defeated a stone giant
 42750 | D:16     | An alligator snapping turtle changed into a quicksilver dragon
 42761 | D:16     | A quicksilver dragon changed into a stone giant
 43079 | D:16     | Noticed a stone giant
 43082 | D:16     | Defeated a stone giant
 43234 | D:16     | A merfolk changed into a guardian serpent
 43235 | D:16     | A guardian serpent changed into a spriggan
 43414 | D:16     | Noticed a shadow dragon
 43419 | D:16     | Defeated a shadow dragon
 45137 | D:18     | Noticed Nergalle
 45144 | D:18     | Defeated Nergalle
 45463 | D:18     | Noticed Rupert
 45467 | D:18     | Paralysed by Rupert for 5 turns
 45608 | D:18     | Defeated Rupert
 45620 | D:18     | Reached skill level 10 in Evocations
 45717 | D:18     | Got a pair of bloodstained boots
 45721 | D:18     | Identified the -1 pair of boots "Praigy" (You acquired it on level 18 of the Dungeon)
 45835 | D:19     | Found a frozen archway.
 45844 | D:19     | Reached skill level 10 in Necromancy
 45943 | IceCv    | Entered an ice cave
 46311 | D:19     | Found a staircase to the Vaults.
 46311 | D:19     | Noticed a great mace
 46311 | D:19     | Noticed an orcish long sword
 46320 | D:19     | Defeated an orcish long sword
 46321 | D:19     | Defeated a great mace
 46524 | D:19     | Noticed a deep elf priest
 46548 | D:19     | Noticed a deep elf mage
 46550 | D:19     | Defeated a deep elf priest
 46551 | D:19     | Defeated a deep elf mage
 47233 | Vault:1  | Entered Level 1 of the Vaults
 47259 | Vault:1  | Noticed a deep elf priest
 47261 | Vault:1  | Defeated a deep elf priest
 47271 | Vault:1  | Noticed a deep elf summoner
 47279 | Vault:1  | Defeated a deep elf summoner
 47360 | Vault:1  | Reached skill level 23 in Earth Magic
 47866 | Vault:1  | Reached XP level 21. HP: 118/118 MP: 39/39
 48008 | Vault:2  | Learned a level 2 spell: Swiftness
 48163 | Vault:2  | Got a pair of smoking gloves
 48195 | Vault:2  | Identified the -1 pair of gloves of Vlad (You found it on level 2 of the Vaults)
 49815 | Vault:3  | Found a staircase to the Crypt.
 49842 | Crypt:1  | Entered Level 1 of the Crypt
 52696 | Vault:3  | Noticed a deep elf mage
 52696 | Vault:3  | Defeated a deep elf mage
 52709 | Vault:3  | Noticed a deep elf conjurer
 52709 | Vault:3  | Defeated a deep elf conjurer
 52963 | Vault:3  | Found a blossoming altar of Fedhas.
 54442 | Crypt:2  | Noticed Saint Roka
 54446 | Crypt:2  | Defeated Saint Roka
 54446 | Crypt:2  | Reached XP level 22. HP: 91/120 MP: 40/40
 54526 | Crypt:2  | Reached skill level 1 in Air Magic
 54747 | Crypt:2  | Reached skill level 24 in Earth Magic
 56367 | Crypt:3  | Found a staircase to the Tomb.
 56370 | Crypt:3  | Noticed a reaper
 56373 | Crypt:3  | Defeated a reaper
 56383 | Tomb:1   | Entered Level 1 of the Tomb of the Ancients
 57364 | Crypt:4  | You fall through a shaft!
 57364 | Crypt:5  | Entered Level 5 of the Crypt
 57380 | Crypt:5  | Reached skill level 1 in Translocations
 57919 | Crypt:5  | Noticed mrbobbyg's ghost (great HuWz)
 57932 | Crypt:5  | Defeated mrbobbyg's ghost
 57932 | Crypt:5  | Reached XP level 23. HP: 122/128 MP: 26/41
 58503 | Crypt:5  | Reached skill level 15 in Spellcasting
 58515 | Crypt:5  | Noticed a lich
 58525 | Crypt:5  | Defeated a lich
 58682 | Crypt:5  | Noticed an ancient lich
 58687 | Crypt:5  | Defeated an ancient lich
 58718 | Crypt:5  | Noticed a lich
 58727 | Crypt:5  | Defeated a lich
 58889 | Crypt:5  | Found a basalt altar of Yredelemnul.
 59943 | Vault:4  | Found Gailatam's Antique Weapon Emporium.
 59946 | Vault:4  | Found a magical portal.
 59951 | WizLab   | Entered Doroklohe's Tomb
 60150 | WizLab   | Noticed an ancient lich
 60415 | WizLab   | Learned a level 6 spell: Statue Form
 60426 | WizLab   | Gained mutation: Your body is slowly deteriorating.
 60439 | WizLab   | Defeated an ancient lich
 60625 | Vault:4  | Reached skill level 1 in Charms
 60664 | Vault:4  | Reached skill level 5 in Shields
 60758 | Vault:4  | Reached skill level 25 in Earth Magic
 61831 | Vault:4  | Found a staircase to the Hall of Blades.
 61865 | Blade    | Entered the Hall of Blades
 61899 | Vault:4  | Reached XP level 24. HP: 105/136 MP: 33/42
 62409 | Vault:5  | Reached skill level 10 in Transmutations
 63447 | Lair:2   | Learned a level 8 spell: Lehudib's Crystal Spear
 63540 | Swamp:1  | Entered Level 1 of the Swamp
 63614 | Swamp:1  | Noticed Nikola
 63632 | Swamp:1  | Defeated Nikola
 63636 | Swamp:1  | Got a pair of slimy gloves
 63667 | Swamp:1  | Identified a +2 cloak of preservation (You took it off Nikola on level 1 of the Swamp)
 63670 | Swamp:1  | Identified the +0 pair of gloves of Calculation (You took it off Nikola on level 1 of the Swamp)
 67993 | Swamp:5  | Entered Level 5 of the Swamp
 68100 | Swamp:5  | Noticed Snorg
 68108 | Swamp:5  | Defeated Snorg
 68250 | Swamp:5  | Reached skill level 15 in Necromancy
 68815 | Swamp:5  | Reached skill level 26 in Earth Magic
 69090 | Swamp:5  | Got a decaying rune of Zot
 70207 | Vault:6  | Noticed Mara
 70265 | Vault:6  | Defeated Mara
 70265 | Vault:6  | Reached XP level 25. HP: 125/145 MP: 35/43
 70314 | Vault:6  | Noticed Boris
 70340 | Vault:6  | Defeated Boris
 70959 | Vault:6  | You fall through a shaft!
 71009 | Vault:7  | Found Cratocur's Antique Weapon Boutique.
 72098 | Vault:7  | A manticore changed into a guardian serpent
 72099 | Vault:7  | A guardian serpent changed into an elf
 72259 | Vault:7  | Noticed a deep elf conjurer
 72260 | Vault:7  | Defeated a deep elf conjurer
 72540 | Blade    | Noticed Xtahua
 72543 | Blade    | Defeated Xtahua
 72548 | Blade    | Reached skill level 27 in Earth Magic
 72549 | Blade    | Noticed Frederick
 72634 | Blade    | Defeated Frederick
 73277 | Blade    | Reached XP level 26. HP: 147/147 MP: 8/44
 73288 | Blade    | Reached skill level 15 in Dodging
 73933 | D:20     | Entered Level 20 of the Dungeon
 74750 | D:21     | Found a gateway to Hell.
 74986 | D:21     | Paralysed by a great orb of eyes for 6 turns
 75069 | D:21     | Found a one-way gate leading to the halls of Pandemonium.
 75115 | D:21     | Reached skill level 10 in Fighting
 76738 | D:21     | Got a thin dagger
 76739 | D:21     | Identified the knife of Accuracy (You found it on level 21 of the Dungeon)
 76748 | D:21     | Got a shiny dragon armour
 76749 | D:21     | Identified the +5 armour of the Dragon King (You found it on level 21 of the Dungeon)
 77060 | D:22     | Found a gateway to a ziggurat.
 79137 | D:22     | Reached skill level 5 in Conjurations
 79684 | D:22     | Noticed a deep elf conjurer
 79770 | D:22     | Noticed a deep elf death mage
 79770 | D:22     | Defeated a deep elf conjurer
 79771 | D:22     | Defeated a deep elf death mage
 79783 | D:22     | Noticed a shadow dragon
 79785 | D:22     | Defeated a shadow dragon
 80010 | D:22     | Noticed a titan
 80011 | D:22     | Defeated a titan
 80440 | D:23     | Reached skill level 5 in Armour
 80475 | D:23     | Reached XP level 27. HP: 163/163 MP: 43/45
 81681 | Lair:2   | Learned a level 8 spell: Necromutation
 82189 | Vault:8  | Entered Level 8 of the Vaults
 82575 | Vault:8  | Noticed a golden dragon
 82973 | Vault:7  | Defeated a golden dragon
 84149 | Vault:8  | Noticed an iron dragon
 84153 | Vault:8  | Defeated an iron dragon
 84267 | Vault:8  | Noticed a pulsating lump
 84376 | Vault:8  | Noticed a shining eye
 84381 | Vault:8  | Defeated a shining eye
 84410 | Vault:8  | Noticed a quicksilver dragon
 84413 | Vault:8  | Defeated a quicksilver dragon
 84449 | Vault:8  | Got a crystal amulet
 84455 | Vault:8  | Got a silver rune of Zot
 84468 | Vault:8  | Got a shimmering steel ring
 84470 | Vault:8  | Got a levitating book
 84496 | Vault:8  | Identified the amulet of Cekugob (You found it on level 8 of the Vaults)
 84497 | Vault:8  | Identified the ring "Vusoo" (You found it on level 8 of the Vaults)
 84497 | Vault:8  | Identified a +0 pair of boots of running (You found it on level 8 of the Vaults)
 84502 | Vault:8  | Identified Jeol's Volume of Good Luck (You found it on level 8 of the Vaults)
 84613 | Vault:8  | Noticed a quicksilver dragon
 84615 | Vault:8  | Defeated a quicksilver dragon
 84788 | Vault:8  | A cyclops changed into a guardian serpent
 84789 | Vault:8  | Defeated a guardian serpent
 84817 | Vault:8  | Noticed an iron dragon
 84820 | Vault:8  | Defeated an iron dragon
 85285 | Lair:2   | Learned a level 9 spell: Shatter
 86066 | Vault:8  | Got a transparent glass ring
 86069 | Vault:8  | Identified the ring "Bauga" (You found it on level 8 of the Vaults)
 86342 | Vault:8  | Got a heavily runed tin amulet
 86344 | Vault:8  | Identified the amulet of Lies (You found it on level 8 of the Vaults)
 86351 | Vault:8  | Got an ichor-stained dagger
 86367 | Vault:8  | A lindwurm changed into a guardian serpent
 86975 | D:24     | Found a one-way gate to the infinite horrors of the Abyss.
 88172 | Lair:2   | Identified the cursed dagger "Foim" {stab, rElec rN+} (You found it on level 8 of the Vaults)
 88651 | D:25     | Entered Level 25 of the Dungeon
 89373 | D:25     | Got a vibrating amber ring
 89378 | D:25     | Identified the cursed ring of Khoifeant (You found it on level 25 of the Dungeon)
 90004 | D:26     | Noticed a deep elf annihilator
 90022 | D:26     | Defeated a deep elf annihilator
 90746 | D:27     | Entered Level 27 of the Dungeon
 90891 | D:27     | A giant slug changed into a pulsating lump
 90895 | D:27     | Defeated a pulsating lump
 91019 | D:27     | Found a gateway to a bazaar. 91030
                  | bazaar
                  | Entered a bazaar 91035
                  | bazaar
                  | Found Maixkuaw's Book Emporium. 91047
                  | bazaar
                  | Found Ittah's General Store. 91059
                  | bazaar
                  | Bought a scroll of enchant armour for 91 gold pieces 91080
                  | bazaar
                  | Found Eduos' Weapon Shoppe. 91088
                  | bazaar
                  | Found Sealeg's Assorted Antiques. 91097
                  | bazaar
                  | Bought a scroll of enchant armour for 206 gold pieces 91097
                  | bazaar
                  | Bought a jade ring for 215 gold pieces 91098
                  | bazaar
                  | Identified the ring of Shaolin (You bought it in a shop in a bazaar) 91133
                  | bazaar
                  | Bought a scroll of acquirement for 988 gold pieces
 92975 | Tomb:1   | Noticed Mennas
 93483 | Tomb:1   | HP: 3/174 [mummy priest/divine providence (12)]
 93484 | Tomb:1   | Killed from afar by a greater mummy
